AoeStats
← 兼职部诗人

MegaRandom

505262510Analyzed
4v4 RM · 23d ago on Sep 8, 2026· 52m 17s· 8 players
Game mode
Random Map
Map size
Large (8 player)
Population
200
Speed
Normal
Resources
Standard
Victory
Conquest
Starting age
Dark Age
Ending age
Imperial Age
RankedLock teamsTeams togetherTeam positionsShared explorationLock speedFull tech treeHidden civsTurbo modeCheats
Victory
Defeat
🇩🇪 Saracens · Germany
872
+14
🇺🇸 Italians · United States
851
+15
🇨🇳 Wei · China
848
+15
🇩🇪 Aztecs · Germany
779
+18
🇭🇰 Burgundians · Hong Kong SAR China
954
-20
🇨🇳 Mongols · China
817
-15
🇨🇦 Tupi · Canada
797
-14
🇭🇰 Teutons · Hong Kong SAR China
762
-13
又菜又爱玩
14:31 Feudal Age
15:08 Double-Bit Axe
15:15 Fishing Lines
20:11 Castle Age
20:24 Stone Mining
21:10 Gillnets
21:46 Fletching
21:57 Padded Archer Armor
22:35 Bow Saw
23:24 Wheelbarrow
24:01 Stone Shaft Mining
26:19 Bodkin Arrow
26:58 Gold Mining
27:54 Hand Cart
32:35 Leather Archer Armor
37:20 Ballistics
42:51 Squires
45:36 Scale Mail Armor
45:47 Forging
46:35 Chain Mail Armor
47:08 Pikeman
49:02 Arson
48:53 Crossbowman
49:39 Thumb Ring
51:59 Silk Road
51:26 Elite Skirmisher
Tha_JB
7:35 Loom
16:57 Feudal Age
18:04 Gold Mining
18:15 Fishing Lines
18:52 Town Watch
19:43 Wheelbarrow
20:18 Double-Bit Axe
26:52 Castle Age
25:10 Stone Mining
26:10 Bloodlines
29:31 Gold Shaft Mining
29:02 Caravan
29:01 Gillnets
29:30 Bow Saw
29:41 Hand Cart
30:36 Forging
30:32 Scale Barding Armor
30:18 Fletching
30:31 Husbandry
32:57 Town Patrol
32:44 Horse Collar
35:06 Iron Casting
35:28 Ballistics
38:04 Chain Barding Armor
39:27 Bodkin Arrow
42:39 Heavy Plow
46:29 Padded Archer Armor
49:29 Imperial Age
46:57 Crossbowman
47:45 Thumb Ring
48:16 Murder Holes
50:31 Conscription
49:32 Elite Mameluke
50:48 Hoardings
50:33 Bracer
50:35 Arbalester
runningelmi
5:58 Loom
16:37 Feudal Age
18:14 Double-Bit Axe
23:31 Castle Age
22:35 Forging
23:44 Wheelbarrow
24:53 Gold Mining
24:55 Stone Mining
24:42 Pikeman
25:44 Scale Mail Armor
30:40 Hand Cart
30:11 Town Watch
34:45 Bow Saw
37:03 Horse Collar
38:47 Heavy Plow
42:57 Gold Mining
43:17 Caravan
48:00 Padded Archer Armor
47:51 Fletching
51:05 Imperial Age
48:02 Elite Skirmisher
49:33 Leather Archer Armor
50:25 Atlatl
51:01 Ballistics
50:37 Murder Holes
51:07 Capped Ram
巨像到你家门口
6:09 Loom
14:54 Feudal Age
15:24 Fishing Lines
16:51 Double-Bit Axe
17:59 Wheelbarrow
22:29 Castle Age
23:34 Bow Saw
25:16 Hand Cart
26:20 Thumb Ring
26:27 Light Cavalry
27:09 Husbandry
27:21 Bloodlines
28:03 Fletching
28:15 Padded Archer Armor
31:12 Gillnets
32:18 Treadmill Crane
35:43 Clinker Construction
35:45 Tuntian
36:10 Light Cavalry
37:02 Scale Barding Armor
36:57 Scale Mail Armor
37:08 Forging
44:41 Imperial Age
45:40 Chain Mail Armor
46:00 Iron Casting
45:54 Ming Guang Armor
45:01 Capped Ram
46:58 Carvel Hull
46:08 Siege Ram
47:25 Heavy Hei Guang Cavalry
51:31 Conscription
John
4:06 Loom
15:26 Feudal Age
16:41 Double-Bit Axe
18:00 Horse Collar
22:28 Castle Age
21:48 Wheelbarrow
22:48 Gold Mining
24:17 Squires
23:37 Pikeman
24:41 Padded Archer Armor
24:31 Fletching
24:09 Pikeman
25:20 Hand Cart
27:10 Elite Skirmisher
31:46 Arson
32:54 Scale Mail Armor
35:01 Champi Runner
36:09 Bodkin Arrow
35:58 Champi Warrior
38:40 Chain Mail Armor
38:53 Bow Saw
Kingssiu
11:23 Loom
14:25 Feudal Age
17:09 Horse Collar
19:42 Castle Age
17:48 Double-Bit Axe
19:49 Cavalier
25:32 Scale Barding Armor
25:38 Forging
26:27 Light Cavalry
31:31 Murder Holes
51:20 Husbandry
路一司
兼职部诗人
Connection lost

Rejoining the realm…

Still unreachable

The connection could not be restored.

Session expired

The server has moved on; the page needs a fresh start.